 Dungeon Crawl Stone Soup version 0.17-a0-2215-g49c1de0 (webtiles) character file.

39 Duffy the Conjurer (level 3, -2/28 HPs)
             Began as a Naga Fire Elementalist on Oct 27, 2015.
             Slain by an ogre
             ... wielding a +0 giant club
              (13 damage)
             ... on level 3 of the Dungeon.
             The game lasted 00:02:28 (1555 turns).

Duffy the Conjurer (Naga Fire Elementalist)         Turns: 1555, Time: 00:02:29

Health: -2/28      AC:  2    Str: 10    XL:     3   Next: 47%
Magic:  2/6        EV: 10    Int: 15    God:
Gold:   78         SH:  0    Dex: 12    Spells: 2 memorised, 2 levels left

rFire  . . .     SeeInvis +     (no weapon)
rCold  . . .     Clarity  .     a - +0 robe
rNeg   + . .     SustAt   .     (no shield)
rPois  +         Gourm    .     (no helmet)
rElec  .         Spirit   .     (no cloak)
rCorr  .         Warding  +     (no gloves)
rMut   .         Stasis   .     (no barding)
MR     .....                    h - amulet of warding
Stlth  ++........               (no ring)
                                (no ring)

@: very slightly contaminated, very slow, not resistant to hostile enchantments,
unstealthy
A: see invisible, deformed body, poison resistance, slowness 2, slow metabolism
1, spit poison 2, AC +1
a: Spit Poison


You were on level 3 of the Dungeon.
You were very hungry.

You visited 1 branch of the dungeon, and saw 3 of its levels.

You collected 78 gold pieces.


Innate Abilities, Weirdness & Mutations

You cannot wear boots.
Your serpentine skin is tough (AC +1).
You have supernaturally acute eyesight.
Armour fits poorly on your strangely shaped body.
Your system is resistant to poisons.
You cover ground very slowly.
You have a slow metabolism.
You can spit poison.


   Skills:
 - Level 1.5 Dodging
 - Level 3.0 Stealth
 - Level 2.0 Spellcasting
 + Level 3.2 Conjurations
 + Level 3.0 Fire Magic


You had 2 spell levels left.
You knew the following spells:

 Your Spells              Type           Power        Failure   Level  Hunger
a - Flame Tongue          Conj/Fire      ##...        8%          1    #......
c - Conjure Flame         Conj/Fire      ##......     21%         3    ###....

Inventory:

Armour
 a - a +0 robe (worn)
Jewellery
 h - an amulet of warding (around neck)
Scrolls
 d - a scroll of identify {unknown}
 e - a scroll of immolation {unknown}
 g - a scroll of magic mapping {unknown}
Books
 b - a book of Flames
Comestibles
 c - 3 bread rations
 f - 2 meat rations
 j - a royal jelly

Dungeon Overview and Level Annotations

Branches:
Dungeon (3/15)

Altars:


Message History

Aim: an ogre, wielding a giant club (resting)
The splash of poison hits the ogre.
The ogre appears unharmed.
You feel slightly more hungry.
Cast which spell? (? or * to list)
Aiming: Flame Tongue
Press: ? - help, Shift-Dir - straight line, f/p - ogre
Aim: an ogre, wielding a giant club The flame tongue hits the ogre.
The ogre is lightly wounded.
Cast which spell? (? or * to list)
Aiming: Flame Tongue
Press: ? - help, Shift-Dir - straight line, f/p - ogre
Aim: an ogre, wielding a giant club (lightly wounded)
The flame tongue hits the ogre.
The ogre appears unharmed.
The ogre is lightly wounded.
You have got your breath back.
Press: ? - help, Shift-Dir - straight line, f/p - ogre
Aim: an ogre, wielding a giant club (lightly wounded)
You fail to use your ability.
The ogre hits you with a giant club!!
Ouch! That really hurt!
Cast which spell? (? or * to list)
Aiming: Flame Tongue
Press: ? - help, Shift-Dir - straight line, f/p - ogre
Aim: an ogre, wielding a giant club (lightly wounded)
You miscast Flame Tongue.
You are very lightly contaminated with residual magic.
You hear a sizzling sound.
Cast which spell? (? or * to list)
Aiming: Flame Tongue
Press: ? - help, Shift-Dir - straight line, f/p - ogre
Aim: an ogre, wielding a giant club (lightly wounded)
The flame tongue hits the ogre.
The ogre is moderately wounded.
The ogre hits you with a giant club!
You die...

#........#..
###.####.#(#
#.# #...# #.#
#####
#)########
#.........
##########
##############
#########
.........O@..#
#........
############.#
#.####### #.#
#.# #.# #.#
#.# #.# #.#
#.# #.######.#
#....>...#
##########


You could see an ogre.

Action                   || total
-------------------------++-------
 Cast: Flame Tongue      ||    47
 Abil: Spit Poison       ||     8
  Eat: Chunk             ||     1

Notes
Turn   | Place    | Note
--------------------------------------------------------------
     0 | D:1      | Duffy the Naga Fire Elementalist began the quest for the Orb.
     0 | D:1      | Reached XP level 1. HP: 15/15 MP: 3/3
   354 | D:1      | Reached skill level 2 in Conjurations
   354 | D:1      | Reached XP level 2. HP: 22/22 MP: 1/5
   940 | D:2      | Reached skill level 3 in Conjurations
   940 | D:2      | Reached XP level 3. HP: 21/28 MP: 0/6
  1066 | D:2      | Learned a level 3 spell: Conjure Flame
  1544 | D:3      | Noticed an ogre
  1555 | D:3      | Slain by an ogre

Vault maps used:
D:1:      onia_arrival_handbag
D:2:      first_bread
D:3:      lemuel_old_faithful

Vanquished Creatures
  2 adders
  2 worms
  2 ball pythons
  A bat
  4 goblins
  3 hobgoblins
  4 giant cockroaches
  A giant gecko
  A giant newt
  A kobold
  7 rats
28 creatures vanquished.
